 Dungeon Crawl Stone Soup version 0.31.0-11-ge490571c62 (webtiles) character file.

Game seed: 15354149542692652354

56 qw the Shooter (level 3, -1/18 HPs)
             Began as a Spriggan Hunter on Feb 3, 2024.
             Slain by a gnoll
             ... wielding a +0 whip
              (4 damage)
             ... on level 2 of the Dungeon.
             The game lasted 00:00:02 (1053 turns).

qw the Shooter (Spriggan Hunter)                    Turns: 1053, Time: 00:00:03

Health: -1/18      AC:  2    Str:  7    XL:     3   Next: 69%
Magic:  4/4        EV: 19    Int: 10    God:
Gold:   103        SH:  0    Dex: 20    Spells: 2/2 levels left

rFire   . . .        a - +0 shortbow
rCold   . . .        (shield currently unavailable)
rNeg    . . .        c - +0 robe
rPois   .            (helmet restricted)
rElec   .            (no cloak)
rCorr   .            (gloves unavailable)
SInv    +            (boots unavailable)
Will    .....        (no amulet)
Stlth   ++           (no ring)
HPRegen 0.23/turn    (no ring)
MPRegen 0.09/turn

%: no passive effects
@: very quick
A: very small, no large weapons, unfitting armour, see invisible, speed 3
a: no special abilities


You were on level 2 of the Dungeon.
You visited 1 branch of the dungeon, and saw 2 of its levels.

You collected 103 gold pieces.


Innate Abilities, Weirdness & Mutations

You are very small and have problems with some larger weapons.
You are too small for most types of armour.
You have supernaturally acute eyesight. (SInv)
You cover ground extremely quickly. (Speed+++)


   Skills:
 - Level 1.5 Fighting
 + Level 4.7 Ranged Weapons
 - Level 4.3 Dodging
 - Level 1.5 Stealth


You had 2 spell levels left.
You didn't know any spells.
Your spell library was empty.

Inventory:

Hand Weapons
 a - a +0 shortbow (weapon)
Armour
 c - a +0 robe (worn)
Jewellery
 e - a ring of fire
Scrolls
 b - 2 scrolls of amnesia {unknown}
Potions
 h - a potion of might

Dungeon Overview and Level Annotations

Branches:
Dungeon (2/15)

Altars:


Message History

A gnoll comes into view. It is wielding a +0 whip.
The gnoll shouts!
You shoot an arrow. The arrow hits the gnoll.
The gnoll is lightly wounded.
You shoot an arrow. The arrow hits the gnoll.
The gnoll is heavily wounded.
You shoot an arrow. The arrow hits the gnoll!
You kill the gnoll!
Things that are here:
a +0 whip; a gnoll corpse 2 gnolls come into view.
A gnoll is wielding a +0 whip and quivering 2 throwing nets.
You shoot an arrow. The arrow barely misses the gnoll.
The gnoll shouts! x2
You shoot an arrow. The arrow hits the gnoll.
The gnoll is moderately wounded.
You shoot an arrow. The arrow hits the gnoll.
The gnoll is moderately wounded.
You hear a loud squeak.
A rat comes into view.
The gnoll throws a throwing net.
The throwing net completely misses you.
A ball python comes into view.
An endoplasm comes into view.
The gnoll closely misses you.
You hear a shout!
You shoot an arrow. The arrow closely misses the gnoll.
The endoplasm quivers.
The ball python hisses angrily.
The gnoll misses you. The gnoll hits you with a +0 whip.
You shoot an arrow. The arrow hits the gnoll.
The gnoll is severely wounded.
The gnoll barely misses you. The gnoll completely misses you.
You shoot an arrow. The arrow barely misses the gnoll.
The gnoll hits you with a +0 whip! The gnoll closely misses you.
You shoot an arrow. The arrow hits the gnoll.
The gnoll is almost dead.
The gnoll hits you with a +0 whip. x2
You shoot an arrow. The arrow hits the gnoll!
You kill the gnoll!
The gnoll hits you with a +0 whip.
You die...

.. #. .. #J
#S #r
#g#####
########
#)@...#
.......#
##########.#
........
...........#
........
.........###
.###+###
#######.##
.).# #.#
.#.# #)#
.#.# #.#
.#%# #.#


You could see a gnoll, an endoplasm, a ball python and a rat.

Vanquished Creatures
  3 gnolls
  A ribbon worm (D:2)
  3 endoplasms
  6 goblins
  5 hobgoblins
  4 kobolds
  A quokka (D:1)
  2 ball pythons
  2 bats
  A frilled lizard (D:1)
  3 rats (D:1)
31 creatures vanquished.

Notes
Turn   | Place    | Note
-------+----------+-------------------------------------------
     0 | D:1      | qw the Spriggan Hunter began the quest for the Orb.
     0 | D:1      | Reached XP level 1. HP: 10/10 MP: 2/2
     0 | D:1      | 0 ||| qw: Version: 0.3-a-157-g843a77d
     0 | D:1      | 0 ||| qw: Game counter: 3694
     0 | D:1      | 0 ||| qw: Melee chars always use a shield: true
     0 | D:1      | 0 ||| qw: God list: Okawaru
     0 | D:1      | 0 ||| qw: Allow faded altars: false
     0 | D:1      | 0 ||| qw: Do Orc after clearing Dungeon:15 true
     0 | D:1      | 0 ||| qw: Do second Lair branch before Depths: true
     0 | D:1      | 0 ||| qw: Lair rune preference: random
     0 | D:1      | 0 ||| qw: Goals: Normal
     0 | D:1      | 0 ||| PLANNING D:1-11
    53 | D:1      | Reached skill level 3 in Dodging
   473 | D:1      | Reached XP level 2. HP: 14/14 MP: 3/3
   613 | D:1      | Found a faded altar of an unknown god.
   729 | D:1      | Reached XP level 3. HP: 18/18 MP: 4/4
   770 | D:1      | 770 ||| READING scroll labelled WINOUH DARU.
   871 | D:1      | 871 ||| READING scroll labelled XOPSOO YSOTES.
   872 | D:1      | 872 ||| DRINKING 2 fizzy grey potions.
   873 | D:1      | 873 ||| DRINKING 2 sedimented grey potions.
   874 | D:1      | 874 ||| DROPPING scroll of butterflies.
   875 | D:1      | 875 ||| DROPPING potion of magic.
  1052 | D:2      | HP: 2/18 [gnoll/+0 whip (6)]
  1053 | D:2      | Slain by a gnoll

Levels and vault maps discovered:
D:1:      minmay_arrival_stone_box, layout_loops_corners,
          ebering_ecumenical_altar_petrified
D:2:      layout_basic, minmay_octomino_e4

Skill      XL: |  1  2 |
---------------+-------+-----
Dodging        | 3 4 |  4.3
Fighting       | |  1.5
Ranged Weapons | |  4.7
Stealth        | |  1.5

Action                     || total
---------------------------++-------
   Fire: Shortbow          ||    85
    Use: Scroll            ||     2
         Potion            ||     2
 Armour: Robe              ||    12
  Dodge: Dodged            ||    20

Table legend:
 A = Non-vault XP
 B = Vault XP
 C = Vault XP percentage of total XP
 D = Non-vault monster count
 E = Vault monster count
 F = Vault count percentage of total count
                 A         B        C        D         E       F
            +---------+---------+-------+---------+---------+-------
      Total |      94 |       0 |   0.0 |      31 |       0 |   0.0
            +---------+---------+-------+---------+---------+-------
        D:1 |      42 |       0 |   0.0 |      18 |       0 |   0.0
        D:2 |      52 |       0 |   0.0 |      13 |       0 |   0.0
            +---------+---------+-------+---------+---------+-------
